 Dungeon Crawl Stone Soup version 0.26.1-2-gb8aa6d0cf2 (webtiles) character file.

Game seed: 16166376614312687077

2713 Hudbad the Basher (level 9, 0/80 HPs)
             Began as a Troll Berserker on Mar 5, 2021.
             Was an Elder of Trog.
             Succumbed to a killer bee's poison
             ... on level 8 of the Dungeon.
             The game lasted 00:18:54 (6085 turns).

Hudbad the Basher (Troll Berserker)                 Turns: 6085, Time: 00:18:54

Health: 0/80       AC:  6    Str: 27    XL:     9   Next: 39%
Magic:  8/8        EV: 10    Int:  3    God:    Trog [****..]
Gold:   507        SH:  0    Dex: 12    Spells: 8/8 levels left

rFire    + . .     SeeInvis .   j - +2 flail (protect)
rCold    . . .     Faith    +   (no shield)
rNeg     . . .     Spirit   .   b - +0 animal skin
rPois    .         Reflect  .   (helmet restricted)
rElec    .         Harm     .   (no cloak)
rCorr    .         Rampage  .   (gloves unavailable)
Will     .....                  (boots unavailable)
Stlth    +.........             s - amulet of faith
HPRegen  0.63/turn              d - ring of protection from cold
MPRegen  0.11/turn              x - ring of fire

@: mighty, lethally poisoned (0 -> -41), hasted, very quick
A: large, unfitting armour, claws 3, regeneration 1, shaggy fur 1, tough skin 3
a: Renounce Religion, Berserk, Trog's Hand, Brothers in Arms


You were on level 8 of the Dungeon.
You worshipped Trog.
Trog was greatly pleased with you.
You visited 2 branches of the dungeon, and saw 9 of its levels.

You collected 507 gold pieces.

Inventory:

Hand Weapons
 j - a +2 flail of protection (weapon)
 v - a +0 dire flail
 z - a +0 giant club
Armour
 b - a +0 animal skin (worn)
Jewellery
 a - an uncursed ring of protection from cold
 d - a ring of protection from cold (left claw)
 i - an uncursed amulet of regeneration
 s - an amulet of faith (around neck)
 x - a ring of fire (right claw)
Wands
 k - a wand of iceblast (19)
 A - a wand of random effects (23)
Scrolls
 c - 3 scrolls of remove curse {unknown}
 e - 2 scrolls of amnesia {unknown}
 f - 2 scrolls of enchant armour {unknown}
 l - 2 scrolls of fog {unknown}
 n - 2 scrolls of teleportation {unknown}
 p - a scroll of magic mapping {unknown}
 r - 2 scrolls of random uselessness {unknown}
 u - 4 scrolls of identify
 w - a scroll of fear {unknown}
 y - a scroll of holy word {unknown}
Potions
 g - a potion of cancellation
 h - a potion of lignification {unknown}
 m - 2 potions of heal wounds
 t - 2 potions of curing {unknown}


   Skills:
 - Level 2.4 Fighting
 + Level 11.9 Maces & Flails
 - Level 2.4 Dodging


You had 8 spell levels left.
You didn't know any spells.
Your spell library was empty.

Dungeon Overview and Level Annotations

Branches:
Dungeon (8/15)             Temple (1/1) D:5
   Lair: D:8-11

Altars:
Ashenzari
Cheibriados
Dithmenos
Elyvilon
Fedhas
Gozag
Hepliaklqana
Makhleb
Nemelex Xobeh
Qazlal
Ru
Sif Muna
Trog
Uskayaw
Vehumet
Wu Jian
Xom
Yredelemnul
Zin
The Shining One


Innate Abilities, Weirdness & Mutations

You are too large for most types of armour.
You have claws for hands.
Your natural rate of healing is unusually fast.
You are covered in fur. (AC +1)
You have extremely tough skin. (AC +3)


Message History

The killer bee stings you.
* * * LOW HITPOINT WARNING * * *
You are more poisoned.
The killer bee poisons you! The killer bee stings you.
* * * LOW HITPOINT WARNING * * *
You miss the killer bee.
The killer bee is heavily wounded.
* * * LOW HITPOINT WARNING * * *
You feel sick. The killer bee stings you!
* * * LOW HITPOINT WARNING * * *
The killer bee stings you but does no damage.
The killer bee stings you.
* * * LOW HITPOINT WARNING * * *
The killer bee closely misses you. The killer bee stings you.
* * * LOW HITPOINT WARNING * * *
You are more poisoned.
The killer bee poisons you!
You miss the killer bee.
The killer bee is heavily wounded.
You die...

........##.# #
###########.##.##
>.#...............# .
#.#...........##..#
#.###.#........#####..#
.....#...†....+......#
..............######.#
#####...yyy...# #.#
#...#...y@y...# #.#
#.#.#.#####'########.#
#.#.#.# #..........#
#.#.#.# ############
#.....# #<..### #####


You could see 5 killer bees.

Vanquished Creatures
  Joseph (D:8)
  A water moccasin (D:5)
  An orc warrior (D:7)
  An ice beast (D:5)
  2 phantoms
  2 sky beasts (D:7)
  A necrophage (D:7)
  An ogre (D:7)
  A bullfrog (D:7)
  Blork the orc (D:5)
  3 scorpions
  A water moccasin skeleton (D:6)
  4 wights (D:6)
  3 howler monkeys
  2 hounds (D:4)
  2 orc wizards (D:7)
  6 orc priests
  A bullfrog skeleton (D:5)
  3 iguanas
  10 worker ants
  A killer bee zombie (D:5)
  7 gnolls
  5 adders
  2 shadow imps (D:7)
  2 ufetubi
  2 oozes
  2 adder skeletons (D:7)
  2 worms (D:3)
  3 dart slugs
  6 leopard geckos
  20 orcs
  A ball python (D:1)
  3 giant cockroaches
  2 gnoll zombies (D:4)
  6 goblins
  8 hobgoblins
  10 jackals
  7 kobolds
  3 quokkas
  A ball python skeleton (D:4)
  13 bats
  A frilled lizard (D:3)
  A leopard gecko zombie (D:7)
  6 rats
161 creatures vanquished.

Vanquished Creatures (others)
  A plant (D:2)
1 creature vanquished.

Grand Total: 162 creatures vanquished

Notes
Turn   | Place    | Note
-------+----------+-------------------------------------------
     0 | D:1      | Hudbad the Troll Berserker began the quest for the Orb.
     0 | D:1      | Reached XP level 1. HP: 22/22 MP: 0/0
    24 | D:1      | Reached skill level 3 in Maces & Flails
   172 | D:1      | Reached XP level 2. HP: 29/29 MP: 1/1
   419 | D:1      | Reached XP level 3. HP: 36/36 MP: 2/2
   720 | D:2      | Reached skill level 4 in Maces & Flails
   774 | D:2      | Reached ** piety under Trog
  1132 | D:2      | Found an ornate altar of the Wu Jian Council.
  1255 | D:2      | Found an opulent altar of Gozag.
  1393 | D:2      | Found a sacrificial altar of Ru.
  1645 | D:3      | Reached XP level 4. HP: 44/44 MP: 3/3
  1898 | D:3      | Reached skill level 5 in Maces & Flails
  2044 | D:3      | Reached XP level 5. HP: 50/50 MP: 4/4
  2357 | D:4      | Found a hazy altar of Hepliaklqana.
  2398 | D:4      | Reached skill level 6 in Maces & Flails
  2450 | D:4      | Found a stormy altar of Qazlal.
  2452 | D:4      | Noticed a fire elemental
  2452 | D:4      | Noticed an air elemental
  2453 | D:4      | Noticed a water elemental
  2500 | D:4      | Reached XP level 6. HP: 59/59 MP: 5/5
  2747 | D:4      | Found a basalt altar of Yredelemnul.
  2787 | D:4      | Found a bloodstained altar of Trog.
  2842 | D:4      | You fall into a shaft and drop 1 floor!
  2842 | D:5      | Entered Level 5 of the Dungeon
  2972 | D:5      | Reached skill level 7 in Maces & Flails
  3019 | D:5      | Reached XP level 7. HP: 55/66 MP: 6/6
  3045 | D:5      | Reached *** piety under Trog
  3107 | D:5      | Noticed Blork the orc
  3120 | D:5      | Killed Blork the orc
  3125 | D:5      | Reached skill level 8 in Maces & Flails
  3693 | D:5      | Found a staircase to the Ecumenical Temple.
  3699 | Temple   | Entered the Ecumenical Temple
  3932 | D:6      | Reached skill level 9 in Maces & Flails
  3932 | D:6      | Reached XP level 8. HP: 65/74 MP: 7/7
  4309 | D:6      | Reached skill level 10 in Maces & Flails
  4853 | D:7      | Found a shimmering blue altar of Sif Muna.
  5094 | D:7      | Found a glowing silver altar of Zin.
  5095 | D:7      | Found a shadowy altar of Dithmenos.
  5110 | D:7      | Found a blossoming altar of Fedhas.
  5141 | D:7      | Reached skill level 11 in Maces & Flails
  5143 | D:7      | Reached XP level 9. HP: 80/80 MP: 8/8
  5145 | D:7      | Reached **** piety under Trog
  6010 | D:8      | Noticed Joseph
  6022 | D:8      | Killed Joseph
  6081 | D:8      | HP: 1/80 [killer bee (6)]
  6085 | D:8      | Succumbed to a killer bee's poison

Illustrated notes

Levels and vault maps discovered:
D:1:      mushboom_english_gardens, layout_rooms, hangedman_glass_teeth,
          minmay_misc_feat_roman
D:2:      layout_basic, nzn_wu_jian_contemplation,
          nicolae_gozag_cash_rules_everything_around_me,
          nicolae_ru_the_path_less_chosen
D:3:      layout_basic
D:4:      layout_rooms, nicolae_qazlal_style_of_elements,
          lemuel_zombie_altar_yredelemnul, lemuel_doored_altar, bloody_trog
D:5:      layout_loops_ring, minmay_temple_entry_enclosed_plants,
          uniq_blork_the_orc
D:6:      layout_loops_ring
D:7:      minmay_inner_zag, layout_gridville, nicolae_overflow_crystal_walls,
          grunt_temple_overflow_open, item_on_display_a
D:8:      layout_basic, lair_entry_dummy, tso_altar, uniq_psyche, uniq_maggie,
          uniq_joseph
Temple:   nicolae_temple_figure_zero

Skill      XL: |  1  2  3  4  5  6  7  8 |
---------------+-------------------------+-----
Maces & Flails | 3 4 5 6 7 9 11 | 11.9
Fighting       | |  2.4
Dodging        | |  2.4

Action                   |  1- 3 |  4- 6 |  7- 9 || total
-------------------------+-------+-------+-------++-------
Melee: Mace              |   146 |   257 |   120 ||   523
       Flail             |       |       |   115 ||   115
Invok: Berserk           |     3 |     3 |    11 ||    17
       Trog's Hand       |       |     2 |     3 ||     5
  Use: Scroll            |       |       |     5 ||     5
       Potion            |       |       |     4 ||     4
 Stab: Sleeping          |       |     1 |     2 ||     3
       Distracted        |       |       |     1 ||     1
Armor: Animal skin       |   100 |    77 |    88 ||   265
Dodge: Dodged            |   107 |   130 |   158 ||   395
